 Dungeon Crawl Stone Soup version 0.24-a0-504-gcfb02b9d07 (webtiles) character file.

Game seed: 11191156707002883478

338 Mithandil the Conjurer (level 6, -1/32 HPs)
             Began as a Deep Elf Conjurer on July 16, 2019.
             Slain by a goblin
             ... wielding a +0 club
             ... led by Robin
              (2 damage)
             ... on level 3 of the Dungeon.
             The game lasted 00:23:48 (3502 turns).

Mithandil the Conjurer (Deep Elf Conjurer)          Turns: 3502, Time: 00:23:48

Health: -1/32      AC:  5    Str:  7    XL:     6   Next: 29%
Magic:  0/16       EV: 12    Int: 20    God:
Gold:   210        SH:  4    Dex: 15    Spells: 2/16 levels left

rFire    . . .     SeeInvis .   u - +3 dagger (speed)
rCold    . . .     Gourm    .   x - +0 buckler
rNeg     . . .     Faith    .   m - +0 leather armour
rPois    .         Spirit   .   (no helmet)
rElec    .         Reflect  .   (no cloak)
rCorr    .         Harm     .   q - +1 pair of gloves
MR       .....                  (no boots)
Stlth    ++........             (no amulet)
HPRegen  0.10/turn              (no ring)
MPRegen  0.15/turn              (no ring)

@: no status effects
A: no striking features
a: no special abilities


You were on level 3 of the Dungeon.
You were hungry.

You visited 1 branch of the dungeon, and saw 5 of its levels.

You collected 210 gold pieces.

Inventory:

Hand Weapons
 a - a +1 dagger of pain
 b - a +0 dagger of draining
 r - a +0 short sword
 u - a +3 dagger of speed (weapon)
Missiles
 d - 80 stones
 w - 5 boomerangs (quivered)
Armour
 h - a +0 large shield
 m - a +0 leather armour (worn)
 q - a +1 pair of gloves (worn)
 t - a +0 ring mail
 x - a +0 buckler (worn)
Wands
 s - a wand of scattershot (3)
Scrolls
 f - 3 scrolls of identify
 k - a scroll of teleportation {unknown}
 n - a scroll of fear {unknown}
 o - a scroll of amnesia
 v - a scroll of fog {unknown}
Potions
 e - a potion of lignification {unknown}
 i - a potion of might {unknown}
 j - a potion of resistance {unknown}
 l - 2 potions of curing {unknown}
 p - a potion of brilliance {unknown}
Comestibles
 c - 9 rations
 z - a chunk of flesh


   Skills:
 + Level 3.3 Dodging
 + Level 4.2 Stealth
 + Level 1.3 Shields
 * Level 5.6 Spellcasting
 * Level 5.8 Conjurations
 + Level 0.2 Hexes
 + Level 0.2 Translocations


You had 2 spell levels left.
You knew the following spells:

 Your Spells              Type           Power        Failure   Level  Hunger
a - Magic Dart            Conj           ####         1%          1    None
b - Searing Ray           Conj           ####..       3%          2    None
c - Force Lance           Conj/Tloc      ###.....     54%         4    ####...
d - Iskenderun's Mystic   Conj           ####....     21%         4    ####...
s - Dazzling Spray        Conj/Hex       ###...       21%         3    ##.....

Your spell library contained the following spells:

 Spells                   Type           Power        Failure   Level  Hunger
 Fulminant Prism          Conj/Hex       ###.......   54%         4    ####...
 Summon Lightning Spire   Summ/Air       #.......     93%         4    ####...
 Silence                  Hex/Air        #.........   99%         5    #####..
 Conjure Ball Lightning   Conj/Air       ###.......   100%        6    #######
 Deflect Missiles         Chrm/Air       #.........   100%        6    #######
 Tornado                  Air            #.........   100%        9    #######


Dungeon Overview and Level Annotations

Branches:
Dungeon (5/15)
 Temple: D:4-7

Altars:

Annotations:
D:2 exclusion: ogre
D:3 exclusion: downstairs, Robin


Message History

The goblin is severely wounded.
The goblin hits you with a +0 club. x2
* * * LOW HITPOINT WARNING * * *
The goblin misses you.
As you read the scroll labeled CYKAIMM AWICUOLE, it crumbles to dust.
It is a scroll of amnesia.
Okay, then.
The goblin hits you but does no damage. The hobgoblin closely misses you.
The goblin hits you with a +0 club.
* * * LOW HITPOINT WARNING * * *
The goblin hits you with a +0 dagger.
* * * LOW HITPOINT WARNING * * *
The goblin closely misses you.
As you read the scroll labeled ICUEFO ZUCVEW, it crumbles to dust.
It is a scroll of enchant weapon.
Your +2 dagger of speed glows red for a moment.
The goblin barely misses you. The hobgoblin hits you.
* * * LOW HITPOINT WARNING * * *
The goblin hits you with a +0 club.
You die...

#.........................
##....................#####
#....................รท.....
#..........##.........####.
#.......)..##..............
#........).##..............
#.........g##..............
#........gg##..............
#.......gg@##..............
#........gg##.............#
#..........##.....#########
..........##.....#
........##.....#
........##.....#
........##.....#
##########.....# #.....#


You could see Robin, a hobgoblin and 5 goblins.

Vanquished Creatures
  3 orc wizards (D:4)
  An orc priest (D:4)
  Natasha (twice) (D:3)
  A worker ant (D:4)
  6 adders
  2 oozes (D:3)
  2 worms (D:2)
  A dart slug (D:4)
  4 leopard geckos
  5 orcs
  7 bats
  4 giant cockroaches
  8 goblins
  11 hobgoblins
  7 jackals (D:1)
  9 kobolds
  2 frilled lizards (D:2)
  6 rats
81 creatures vanquished.

Notes
Turn   | Place    | Note
-------+----------+-------------------------------------------
     0 | D:1      | Mithandil the Deep Elf Conjurer began the quest for the
                  | Orb.
     0 | D:1      | Reached XP level 1. HP: 10/10 MP: 6/6
   177 | D:1      | Reached XP level 2. HP: 6/15 MP: 4/8
   181 | D:1      | Learned a level 2 spell: Searing Ray
   589 | D:1      | You fall into a shaft and drop 1 floor!
   645 | D:2      | Reached XP level 3. HP: 19/19 MP: 6/10
  1085 | D:3      | Noticed Natasha
  1435 | D:2      | Reached skill level 5 in Conjurations
  1496 | D:2      | Noticed an ogre
  1865 | D:2      | Reached XP level 4. HP: 14/24 MP: 6/12
  1871 | D:2      | Learned a level 4 spell: Force Lance
  1876 | D:2      | Learned a level 4 spell: Iskenderun's Mystic Blast
  2928 | D:3      | Killed Natasha
  2928 | D:3      | Reached XP level 5. HP: 24/28 MP: 4/14
  3055 | D:4      | Reached skill level 5 in Spellcasting
  3055 | D:4      | Reached skill level 1 in Shields
  3069 | D:4      | Reached XP level 6. HP: 28/32 MP: 8/16
  3159 | D:5      | Entered Level 5 of the Dungeon
  3236 | D:3      | Learned a level 3 spell: Dazzling Spray
  3371 | D:3      | Noticed Natasha
  3384 | D:3      | Killed Natasha
  3470 | D:3      | Noticed Robin
  3502 | D:3      | HP: 1/32 [hobgoblin[Robin] (4)]
  3502 | D:3      | Slain by a goblin

Levels and vault maps discovered:
D:1:      minmay_arrival_stone_box, layout_loops_corners
D:2:      layout_basic
D:3:      layout_basic, uniq_crazy_yiuf_cottage, uniq_robin, uniq_natasha
D:4:      layout_basic, ebering_ghost_reflecting_pool, first_ration
D:5:      layout_loops_cross

Skill      XL: |  1  2  3  4  5 |
---------------+----------------+-----
Stealth        | 3 4 |  4.2
Spellcasting   | 4 5 |  5.6
Conjurations   | 5 |  5.8
Dodging        | 3 |  3.3
Shields        | 1 |  1.3
Hexes          | |  0.2
Translocations | |  0.2

Action                   |  1- 3 |  4- 6 || total
-------------------------+-------+-------++-------
Melee: Dagger            |    10 |    22 ||    32
 Cast: Magic Dart        |    73 |    73 ||   146
       Iskenderun's Myst |       |     4 ||     4
Evoke: Wand              |       |    10 ||    10
  Use: Scroll            |       |     3 ||     3
  Eat: Chunk             |     2 |     2 ||     4
       Ration            |       |     1 ||     1
Armor: Robe              |     1 |       ||     1
       Leather armour    |       |    19 ||    19
Dodge: Dodged            |    16 |    28 ||    44
Block: Buckler           |       |     8 ||     8

Table legend:
 A = Non-vault XP
 B = Vault XP
 C = Vault XP percentage of total XP
 D = Non-vault monster count
 E = Vault monster count
 F = Vault count percentage of total count
                 A         B        C        D         E       F
            +---------+---------+-------+---------+---------+-------
      Total |     437 |      47 |   9.7 |      74 |       7 |   8.6
            +---------+---------+-------+---------+---------+-------
        D:1 |      38 |       0 |   0.0 |      20 |       0 |   0.0
        D:2 |      97 |       0 |   0.0 |      26 |       0 |   0.0
        D:3 |      87 |      47 |  35.1 |      18 |       7 |  28.0
        D:4 |     215 |       0 |   0.0 |      10 |       0 |   0.0
            +---------+---------+-------+---------+---------+-------
